 Dungeon Crawl Stone Soup version 0.30-a0-920-g7493c07aab (webtiles) character file.

Game seed: 7330293573993817717

152 cforsyth the Trooper (level 5, 0/42 HPs)
             Began as a Human Fighter on Mar 21, 2023.
             Slain by a gnoll
             ... wielding a +0 halberd
              (12 damage)
             ... on level 4 of the Dungeon.
             The game lasted 00:02:56 (3208 turns).

cforsyth the Trooper (Human Fighter)                Turns: 3208, Time: 00:02:57

Health: 0/42       AC:  7    Str: 18    XL:     5   Next: 60%
Magic:  5/5        EV:  9    Int:  9    God:
Gold:   235        SH:  5    Dex: 12    Spells: 4/4 levels left

rFire   . . .      SeeInvis .    a - +0 flail
rCold   . . .      Faith    .    c - +0 buckler
rNeg    . . .      Spirit   .    b - +0 scale mail
rPois   .          Reflect  .    (no helmet)
rElec   .          Rampage  .    (no cloak)
rCorr   .                        (no gloves)
Will    .....                    (no boots) Stlth
                                 (no amulet)
HPRegen 0.27/turn                (no ring)
MPRegen 0.09/turn                (no ring)

@: no status effects
A: no striking features
a: no special abilities


You were on level 4 of the Dungeon.
You visited 1 branch of the dungeon, and saw 4 of its levels.

You collected 235 gold pieces.

Inventory:

Hand Weapons
 a - a +0 flail (weapon)
Armour
 b - a +0 scale mail (worn)
 c - a +0 buckler (worn)
Jewellery
 o - a +4 ring of protection
 q - a ring of protection from fire
Scrolls
 e - 4 scrolls of identify {unknown}
 f - a scroll of acquirement {unknown}
 g - 3 scrolls of magic mapping {unknown}
 j - 5 scrolls of poison {unknown}
 l - 2 scrolls of fog {unknown}
 n - 2 scrolls of immolation {unknown}
 p - a scroll of vulnerability {unknown}
 s - a scroll of teleportation {unknown}
 t - a scroll of brand weapon {unknown}
Potions
 d - a potion of might
 h - a potion of attraction {unknown}
 i - 4 potions of curing {unknown}
 k - a potion of heal wounds {unknown}
 m - a potion of haste {unknown}
 r - 3 potions of magic {unknown}
 u - a potion of cancellation {unknown}


   Skills:
 + Level 3.9 Fighting
 + Level 3.2 Maces & Flails
 + Level 3.8 Armour
 + Level 3.8 Shields


You had 4 spell levels left.
You didn't know any spells.
Your spell library contained the following spells:

 Spells                   Type           Power      Damage    Failure   Level
 Kiss of Death            Conj/Necr      0%         2d5       86%         1
 Slow                     Hex            0%         N/A       86%         1
 Confusing Touch          Hex            0%         N/A       99%         3
 Summon Guardian Golem    Hex/Summ       0%         N/A       99%         3
 Vampiric Draining        Necr           0%         2d6       99%         3
 Dispel Undead            Necr           0%         3d6       100%        4
 Orb of Destruction       Conj           0%         9d5       100%        7
 Spellforged Servitor     Conj/Summ      0%         N/A       100%        7


Dungeon Overview and Level Annotations

Branches:
Dungeon (4/15)
 Temple: D:4-7

Altars:

Annotations:
D:3 3 runed translucent doors, jasper's ghost, amateur DrHW


Message History

You are too injured to fight recklessly!
The gnoll closely misses you.
There is a stone staircase leading up, spattered with blood here.
You block the gnoll's attack.
You climb upwards.
Level annotation: 3 runed translucent doors, jasper's ghost, amateur DrHW
There is a stone staircase leading down here.
You start resting.
HP restored.
You start waiting.
Done waiting.
You climb downwards.
The gnoll hits you from afar with a +0 halberd.
There is a stone staircase leading up, spattered with blood here.
Press: ? - help, v - describe, . - travel
Here: a gnoll, wielding a +0 halberd The floor.
Unknown command.
The gnoll barely misses you.
You barely miss the gnoll. The gnoll barely misses you.
You hit the gnoll.
The gnoll is moderately wounded.
The gnoll hits you with a +0 halberd! The gnoll hits you with a +0 halberd.
You hit the gnoll.
The gnoll is heavily wounded.
The gnoll hits you with a +0 halberd.
You hit the gnoll.
The gnoll is almost dead.
The gnoll hits you with a +0 halberd!
* * * LOW HITPOINT WARNING * * *
You barely miss the gnoll.
The gnoll is almost dead.
The gnoll misses you.
You hit the gnoll.
The gnoll is almost dead.
The gnoll closely misses you. The gnoll barely misses you.
You closely miss the gnoll.
The gnoll is almost dead.
The gnoll hits you with a +0 halberd!
You die...

........# #........#
.........##########
...............g.>#
#.............#@..#
#........#.##.#<#.#
#...<......##.###g##########
#...........#...............
.##+##.#...................#
#)#########.(.........#
#...# #...........# ###.#
#g........... #.#
#..).........


You could see a gnoll.

Vanquished Creatures
  3 gnolls
  4 adders
  2 worms (D:2)
  6 dart slugs
  3 orcs (D:3)
  9 endoplasms
  3 giant cockroaches
  4 goblins
  3 hobgoblins
  A jackal (D:3)
  2 quokkas (D:1)
  6 ball pythons
  6 bats
  3 frilled lizards
  5 kobolds
  9 rats
69 creatures vanquished.

Notes
Turn   | Place    | Note
-------+----------+-------------------------------------------
     0 | D:1      | cforsyth the Human Fighter began the quest for the Orb.
     0 | D:1      | Reached XP level 1. HP: 18/18 MP: 1/1
    53 | D:1      | Reached XP level 2. HP: 21/24 MP: 2/2
   362 | D:1      | Reached XP level 3. HP: 29/29 MP: 3/3
   612 | D:1      | Found a faded altar of an unknown god.
  1053 | D:2      | Reached XP level 4. HP: 20/35 MP: 4/4
  1896 | D:3      | Found a runed translucent gate.
  1896 | D:3      | Found a runed translucent gate.
  1896 | D:3      | Found a runed translucent gate.
  1899 | D:3      | Noticed jasper's ghost (amateur DrHW)
  1900 | D:3      | Identified the +8 chain mail of Okawaru's Hope {rElec
                  | Stlth+}
  2102 | D:3      | Reached XP level 5. HP: 40/42 MP: 5/5
  3208 | D:4      | Slain by a gnoll

Illustrated notes

Levels and vault maps discovered:
D:1:      dpeg_arrival_simpleton_b, layout_basic,
          shapermc_ecumenical_altar_petra, minivault_24
D:2:      layout_loops_ring
D:3:      layout_basic, biasface_ghost_orc_armoury, minmay_checkerbox
D:4:      layout_basic

Skill      XL: |  1  2  3  4 |
---------------+-------------+-----
Maces & Flails | 3 |  3.2
Fighting       | |  3.9
Armour         | |  3.8
Shields        | |  3.8

Action                     |  1- 3 |  4- 6 || total
---------------------------+-------+-------++-------
  Melee: Flail             |    91 |   122 ||   213
 Armour: Scale mail        |    47 |    76 ||   123
  Dodge: Dodged            |    48 |    68 ||   116
  Block: Buckler           |    28 |    37 ||    65

Table legend: (Time is in decaauts)
 A = Elapsed time spent in this place.
 B = Non-inter-level travel time spent in this place.
 C = Inter-level travel time spent in this place.
 D = Time resting spent in this place.
 E = Time spent auto-exploring this place.
 F = Levels seen in this place.
 G = Mean time per level.
                   A        B        C        D        E       F      G
               +--------+--------+--------+--------+--------+-----+--------+
         Total |   3276 |   3167 |    109 |    608 |   2026 |   4 |  819.0 |
       Dungeon |   3276 |   3167 |    109 |    608 |   2026 |   4 |  819.0 |
               +--------+--------+--------+--------+--------+-----+--------+

Top non-repeatable levels by time:
     D:3: 1445 daAuts
     D:1: 889 daAuts
     D:2: 814 daAuts
     D:4: 125 daAuts
